 Dungeon Crawl Stone Soup version 0.30-a0-305-g026cb31310 (webtiles) character file.

Game seed: 14053355121284350276

909 pokeman the Thaumaturge (level 7, -10/40 HPs)
             Began as a Deep Elf Hedge Wizard on Oct 23, 2022.
             Killed by divine providence
             ... invoked by an orc priest
              (13 damage)
             ... on level 5 of the Dungeon.
             The game lasted 00:08:02 (5332 turns).

pokeman the Thaumaturge (Deep Elf Hedge Wizard)     Turns: 5332, Time: 00:08:03

Health: -10/40     AC:  5    Str: 13    XL:     7   Next: 81%
Magic:  3/21       EV: 13    Int: 21    God:
Gold:   234        SH:  0    Dex: 20    Spells: 16/24 levels left

rFire   . . .      SeeInvis .    A - +1 short sword (elec)
rCold   . . .      Faith    .    (no shield)
rNeg    . . .      Spirit   .    x - +0 leather armour
rPois   .          Reflect  .    s - +0 helmet
rElec   .          Harm     .    (no cloak)
rCorr   .          Rampage  .    r - +0 pair of gloves
Will    +....                    (no boots)
Stlth   ++........               (no amulet)
HPRegen 0.26/turn                f - +6 ring of dexterity
MPRegen 0.17/turn                B - ring of Sixud {Will+ Str+6}

@: no status effects
A: no striking features
a: no special abilities


You were on level 5 of the Dungeon.
You visited 2 branches of the dungeon, and saw 6 of its levels.

You collected 234 gold pieces.

Inventory:

Hand Weapons
 A - a +1 short sword of electrocution (weapon)
Missiles
 k - a throwing net
Armour
 r - a +0 pair of gloves (worn)
 s - a +0 helmet (worn)
 x - a +0 leather armour (worn)
Magical Staves
 C - a staff of conjuration
Jewellery
 f - a +6 ring of dexterity (left hand)
 B - the ring of Sixud (right hand) {Will+ Str+6}
   (You found it on level 4 of the Dungeon)

   [ring of strength]

   Str:       It affects your strength (+6).
   Will:      It increases your willpower.
Wands
 y - a wand of mindburst (15)
 G - a wand of roots (4)
Scrolls
 g - a scroll of summoning {unknown}
 h - a scroll of immolation {unknown}
 m - 3 scrolls of poison {unknown}
 n - 3 scrolls of blinking {unknown}
 o - 3 scrolls of amnesia {unknown}
 p - a scroll of noise {unknown}
 t - 2 scrolls of vulnerability {unknown}
 u - 4 scrolls of identify {unknown}
 v - a scroll of fear {unknown}
 w - a scroll of teleportation {unknown}
 z - a scroll of magic mapping {unknown}
Potions
 a - a potion of degeneration {unknown}
 b - a potion of invisibility {unknown}
 c - 4 potions of flight {unknown}
 d - 3 potions of magic
 e - a potion of haste {unknown}
 i - 3 potions of lignification {unknown}
 j - 2 potions of cancellation {unknown}
 l - 2 potions of heal wounds {unknown}
 q - 3 potions of curing {unknown}
 D - a potion of brilliance {unknown}
 E - a potion of resistance {unknown}
 F - a potion of berserk rage {unknown}


   Skills:
 - Level 2.0 Fighting
 + Level 2.0 Armour
 - Level 3.0 Dodging
 - Level 3.0 Stealth
 * Level 9.0 Spellcasting
 + Level 4.5 Conjurations
 - Level 1.1 Summonings
 - Level 1.1 Translocations
 - Level 1.0 Air Magic
 - Level 1.3 Poison Magic
 - Level 1.2 Evocations


You had 16 spell levels left.
You knew the following spells:

 Your Spells              Type           Power      Damage    Failure   Level
a - Magic Dart            Conj           100%       1d8       1%          1
b - Mephitic Cloud        Conj/Pois/Air  19%        N/A       11%         3
c - Call Imp              Summ           14%        N/A       9%          2
d - Blink                 Tloc           28%        N/A       9%          2

Your spell library contained the following spells:

 Spells                   Type           Power      Damage    Failure   Level
 Slow                     Hex            36%        N/A       9%          1
 Cigotuvi's Dreadful Rot  Necr/Pois/Air  24%        N/A       10%         2


Dungeon Overview and Level Annotations

Branches:
Dungeon (5/15)             Temple (1/1) D:4

Altars:
Cheibriados
Dithmenos
Fedhas
Gozag
Hepliaklqana
Kikubaaqudgha
Makhleb
Nemelex Xobeh
Okawaru
Ru
Sif Muna
Trog
Uskayaw
Zin
The Shining One


Message History

Aim: an orc, wielding a +0 dagger (chance to affect: 96%)
The ball explodes into a vile cloud!
The stinking cloud engulfs something but does no damage.
The stinking cloud engulfs you but does no damage.
You are engulfed in noxious fumes.
You choke on the stench!
You are confused.
Something hits you but does no damage.
Unknown command.
You closely miss something.
You are engulfed in noxious fumes.
Something hits the orc.
You feel less confused.
Unknown command.
The orc priest calls down the wrath of Beogh upon you.
Beogh smites you! Something hits you.
You hit something but do no damage. Lightning courses through something!!
Reactivating autopickup.
You feel a bit more experienced.
Your Spellcasting skill increases to level 9!
You closely miss the orc.
The orc is heavily wounded.
The orc priest invokes the aid of Beogh against you.
Beogh smites you! The orc hits you but does no damage.
You closely miss the orc.
The orc is heavily wounded.
The orc hits you but does no damage.
You hit the orc.
The orc is almost dead.
The orc priest mumbles some strange prayers to Beogh against you.
Beogh smites you!
* * * LOW HITPOINT WARNING * * *
The orc hits you but does no damage.
Unknown command.
The orc priest looks encouraged for a moment.
Casting: Mephitic Cloud (dangerous; 11% risk of failure)
Confirm with . or Enter, or press ? or * to list all spells.
A beastly little devil appears in a puff of flame.
The orc priest calls down the wrath of Beogh upon you.
Beogh smites you!
You die...

...†####...........##.#
...................##.#
......................#
..................)...#
.....................##
...............#..####
...............#(.#####.##
...............#.5........
...............#@######.##
.......#o# .......#.#
.......#)# .......#o#
.......#o# .......).#
.....{o### ......)


You could see 2 orc priests, an orc (ally target) and a friendly crimson imp
(summoned).

Vanquished Creatures
  2 black bears (D:4)
  2 phantoms (D:4)
  A necrophage (D:4)
  A scorpion (D:5)
  3 jellies
  An orc priest (D:4)
  Terence (D:2)
  3 iguanas
  3 orc wizards
  4 gnolls (D:5)
  3 adders (D:3)
  An ufetubus (D:5)
  2 worms
  A dart slug (D:1)
  5 orcs
  6 endoplasms
  3 giant cockroaches
  5 hobgoblins
  6 jackals
  2 quokkas
  7 ball pythons
  13 bats
  2 frilled lizards (D:3)
  8 goblins
  4 kobolds
  8 rats
97 creatures vanquished.

Vanquished Creatures (collateral kills)
  An orc (D:4)
  A frilled lizard (D:2)
2 creatures vanquished.

Vanquished Creatures (others)
  A plant (D:4)
1 creature vanquished.

Grand Total: 100 creatures vanquished

Notes
Turn   | Place    | Note
-------+----------+-------------------------------------------
     0 | D:1      | pokeman the Deep Elf Hedge Wizard began the quest for the
                  | Orb.
     0 | D:1      | Reached XP level 1. HP: 10/10 MP: 7/7
   432 | D:1      | Reached XP level 2. HP: 15/15 MP: 3/9
   855 | D:1      | Reached skill level 5 in Spellcasting
   963 | D:1      | Reached XP level 3. HP: 20/20 MP: 7/11
   967 | D:1      | Learned a level 3 spell: Mephitic Cloud
   970 | D:1      | Learned a level 2 spell: Call Imp
   973 | D:1      | Learned a level 2 spell: Blink
  1821 | D:2      | Noticed Terence
  1959 | D:2      | Killed Terence
  1960 | D:2      | Reached skill level 1 in Fighting
  1960 | D:2      | Reached skill level 1 in Armour
  2063 | D:2      | Reached XP level 4. HP: 25/25 MP: 11/13
  2724 | D:3      | Reached skill level 6 in Spellcasting
  2956 | D:3      | Reached XP level 5. HP: 29/29 MP: 5/15
  3752 | D:4      | Reached skill level 1 in Air Magic
  3752 | D:4      | Reached skill level 1 in Poison Magic
  3752 | D:4      | Reached XP level 6. HP: 31/34 MP: 1/17
  3931 | D:4      | Found a sparkling altar of Nemelex Xobeh.
  3931 | D:4      | Found a transporter.
  3944 | D:4      | Identified the ring of Sixud {Will+ Str+6}
  3988 | D:4      | Reached skill level 7 in Spellcasting
  4043 | D:4      | Reached skill level 1 in Evocations
  4242 | D:4      | Found a staircase to the Ecumenical Temple.
  4249 | D:4      | Reached XP level 7. HP: 21/39 MP: 14/20
  4263 | Temple   | Entered the Ecumenical Temple
  4443 | D:4      | Found a sacrificial altar of Ru.
  4771 | D:4      | Reached skill level 8 in Spellcasting
  5001 | D:5      | Entered Level 5 of the Dungeon
  5327 | D:5      | Reached skill level 9 in Spellcasting
  5329 | D:5      | HP: 2/40 [orc priest/divine providence (13)]
  5332 | D:5      | Killed from afar by an orc priest

Illustrated notes

Levels and vault maps discovered:
D:1:      sevenhm_arrival_forest_fort_large_2, layout_basic
D:2:      layout_rooms, uniq_terence
D:3:      minmay_wonky_spiral, layout_rooms, chequers_serial_rivers_room_b,
          st_stairs_11, minmay_misc_feat_diagonals,
          minmay_misc_feat_secret_circle, minmay_circle_x
D:4:      layout_loops_ring, grunt_nemelex_the_gamble,
          nicolae_ru_sacrificial_ziggurat, minmay_temple_entry_proselytizer,
          serial_bayou_pond_b, minmay_misc_feat_hallway,
          kennysheep_generic_room_11
D:5:      layout_basic, xom_redecorated
Temple:   nicolae_temple_god_jail

Skill      XL: |  1  2  3  4  5  6  7 |
---------------+----------------------+-----
Spellcasting   | 5 6 7 9 |  9.0
Fighting       | 1 2 |  2.0
Armour         | 1 2 |  2.0
Conjurations   | 2 3 4 |  4.5
Stealth        | 3 |  3.0
Dodging        | 3 |  3.0
Air Magic      | 1 |  1.0
Poison Magic   | 1 |  1.3
Evocations     | 1 |  1.2
Summonings     | |  1.1
Translocations | |  1.1

Action                   |  1- 3 |  4- 6 |  7- 9 || total
-------------------------+-------+-------+-------++-------
Melee: Dagger            |    15 |     3 |       ||    18
       Short sword       |       |    13 |    26 ||    39
 Cast: Magic Dart        |    81 |   147 |    56 ||   284
       Call Imp          |     2 |     1 |     1 ||     4
       Mephitic Cloud    |     2 |     1 |     5 ||     8
       Blink             |       |     1 |       ||     1
 Stab: Sleeping          |     3 |       |       ||     3
       Confused          |     2 |     1 |     4 ||     7
Armor: Robe              |     3 |       |       ||     3
       Leather armour    |       |     7 |    16 ||    23
Dodge: Dodged            |    16 |    19 |    20 ||    55

Table legend: (Time is in decaauts)
 A = Elapsed time spent in this place.
 B = Non-inter-level travel time spent in this place.
 C = Inter-level travel time spent in this place.
 D = Time resting spent in this place.
 E = Time spent auto-exploring this place.
 F = Levels seen in this place.
 G = Mean time per level.
                   A        B        C        D        E       F      G
               +--------+--------+--------+--------+--------+-----+--------+
         Total |   5332 |   5175 |    157 |     97 |   4338 |   6 |  888.7 |
       Dungeon |   5182 |   5038 |    144 |     97 |   4211 |   5 | 1036.4 |
        Temple |    149 |    136 |     13 |      0 |    127 |   1 |  149.0 |
               +--------+--------+--------+--------+--------+-----+--------+

Top non-repeatable levels by time:
     D:1: 1927 daAuts
     D:4: 1270 daAuts
     D:3: 999 daAuts
     D:2: 654 daAuts
     D:5: 330 daAuts
  Temple: 149 daAuts
